 Dungeon Crawl Stone Soup version 0.25-a0-365-g7600c65 (webtiles) character file.

Game seed: 17673673185910782532, levelgen mode: deterministic

18 Birdy the Sneak (level 2, 0/28 HPs)
             Began as an Octopode Assassin on Jan 5, 2020.
             Slain by Natasha (4 damage)
             ... on level 2 of the Dungeon.
             The game lasted 00:01:38 (942 turns).

Birdy the Sneak (Octopode Assassin)                  Turns: 942, Time: 00:01:38

Health: 0/28       AC: 21    Str: 10    XL:     2   Next: 70%
Magic:  1/1        EV:  2    Int: 13    God:
Gold:   134        SH:  0    Dex: 13    Spells: 1/1 levels left

rFire    . . .     SeeInvis .   a - +2 dagger
rCold    . . .     Gourm    .   (no shield)
rNeg     + + +     Faith    .   (helmet currently unavailable)
rPois    +         Spirit   .   (no amulet)
rElec    .         Reflect  .   (no ring)
rCorr    .         Harm     .   (no ring)
MR       .....     Clarity  +   (no ring) Stlth +++.......NoTele +
                                (no ring)
HPRegen  0.09/turn              (no ring)
MPRegen  0.07/turn              (no ring)
                                (no ring)
                                (no ring)

@: tree-form
A: almost no armour, stealthy swim, (amphibious), 8 rings, (constrict 8), blurry
vision 1, clarity, low mp 1
a: no special abilities


You were on level 2 of the Dungeon.
You were not hungry.
You were a tree.
You visited 1 branch of the dungeon, and saw 2 of its levels.

You collected 134 gold pieces.

Inventory:

Hand Weapons
 a - a +2 dagger (weapon)
Missiles
 b - 8 poisoned darts (quivered)
 c - 2 curare-tipped darts
Jewellery
 e - an uncursed ring of poison resistance {unknown}
Scrolls
 g - a scroll of remove curse
 h - a scroll of teleportation
Potions
 f - a potion of curing
 j - a potion of ambrosia {unknown}
 k - 2 potions of resistance
Comestibles
 d - 2 rations


   Skills:
 - Level 2.0 Fighting
 + Level 2.6 Short Blades
 - Level 2.0 Throwing
 - Level 1.0 Dodging
 + Level 5.9 Stealth


You had one spell level left.
You didn't know any spells.
Your spell library was empty.

Dungeon Overview and Level Annotations

Branches:
Dungeon (2/15)

Altars:

Annotations:
D:2 Natasha


Innate Abilities, Weirdness & Mutations

You cannot wear most types of armour.
You are very stealthy in the water. (Stealth+)
((You are amphibious.))
You can wear up to eight rings at the same time.
((You can use your tentacles to constrict eight enemies at once.))
((Your skin changes colour to match your surroundings (Stealth+).))
((Your rubbery body absorbs attacks. (AC +1, EV +1)))
((You are partially covered in slimy green scales. (AC +2)))
Scrolls take you a little longer to read.
You possess an exceptional clarity of mind.
Your magical capacity is low. (-10% MP)


Message History

Natasha claws you but does no damage.
You hit Natasha.
Natasha is severely wounded.
Natasha claws you.
* * * LOW HITPOINT WARNING * * *
You hit Natasha.
Natasha is almost dead.
Natasha claws you but does no damage.
You closely miss Natasha.
Natasha is almost dead.
Natasha claws you but does no damage.
You barely miss Natasha.
Natasha is almost dead.
The crimson imp blinks!
Natasha claws you but does no damage.
You closely miss Natasha.
Natasha is almost dead.
You closely miss Natasha.
Natasha is almost dead.
Natasha claws you.
You die...

#. ... .#
## .# ..
.#. .###
..# .5#
... #.##h#
#.# #.##♣#
# #.##.#
#.##.#
#.##.# ..
#.##)# ...
#.##.# ...
#.##.# #.#
#...[# .#
#..#######


You could see an iron imp and Natasha.

Vanquished Creatures
  A dart slug (D:1)
  A leopard gecko (D:2)
  A bat (D:1)
  2 giant cockroaches (D:1)
  A hobgoblin (D:2)
  A frilled lizard (D:1)
  5 goblins
  2 kobolds (D:1)
14 creatures vanquished.

Notes
Turn   | Place    | Note
-------+----------+-------------------------------------------
     0 | D:1      | Birdy the Octopode Assassin began the quest for the Orb.
     0 | D:1      | Reached XP level 1. HP: 14/14 MP: 1/1
   387 | D:1      | Reached XP level 2. HP: 19/19 MP: 2/2
   791 | D:1      | Gained mutation: Your magical capacity is low. (-10% MP)
                  | [potion of mutation]
   791 | D:1      | Gained mutation: Scrolls take you a little longer to read.
                  | [potion of mutation]
   791 | D:1      | Gained mutation: You possess an exceptional clarity of
                  | mind. [potion of mutation]
   791 | D:1      | Gained mutation: You are partially covered in slimy green
                  | scales. (AC +2) [potion of mutation]
   912 | D:2      | Noticed Natasha
   939 | D:2      | Noticed a crimson imp
   942 | D:2      | Slain by Natasha

Levels and vault maps discovered:
D:1:      minmay_arrival_diagonal_passages, layout_basic
D:2:      layout_loops_ring, lightli_temple_of_fire, zin_angel, uniq_natasha,
          uniq_jessica

Action                   || total
-------------------------++-------
Melee: Dagger            ||    48
       Constrict         ||     8
       Tentacles         ||     5
  Use: Scroll            ||     7
       Potion            ||     4
 Stab: Sleeping          ||     7
Armor: Skin              ||    13
Dodge: Dodged            ||     9

Table legend:
 A = Non-vault XP
 B = Vault XP
 C = Vault XP percentage of total XP
 D = Non-vault monster count
 E = Vault monster count
 F = Vault count percentage of total count
                 A         B        C        D         E       F
            +---------+---------+-------+---------+---------+-------
      Total |      27 |       0 |   0.0 |      14 |       0 |   0.0
            +---------+---------+-------+---------+---------+-------
        D:1 |      18 |       0 |   0.0 |      10 |       0 |   0.0
        D:2 |       9 |       0 |   0.0 |       4 |       0 |   0.0
            +---------+---------+-------+---------+---------+-------
